 Dungeon Crawl Stone Soup version 0.29.1-1-gd02db6906a (webtiles) character file.

Game seed: 15137245092252516406

60230 holycorn the Executioner (level 14, -9/132 HPs)
             Began as a Minotaur Berserker on Sept 22, 2022.
             Was a High Priest of Trog.
             Mangled by a naga warrior
             ... wielding a +0 glaive
              (12 damage)
             ... on level 2 of the Snake Pit.
             The game lasted 00:46:35 (21217 turns).

holycorn the Executioner (Minotaur Berserker)      Turns: 21217, Time: 00:46:37

Health: -9/132     AC: 26    Str: 27    XL:     14   Next: 56%
Magic:  13/13      EV:  8    Int:  4    God:    Trog [*****.]
Gold:   985        SH:  0    Dex: 10    Spells: 13/13 levels left

rFire   . . .      SeeInvis .   i - +5 executioner's axe (flame)
rCold   . . .      Faith    .   (shield currently unavailable)
rNeg    . . .      Spirit   .   l - +0 plate armour
rPois   +          Reflect  .   P - +1 hat
rElec   .          Harm     .   D - +0 cloak
rCorr   .          Rampage  .   I - +0 pair of gloves {hurl}
Will    +....                   t - +1 pair of boots
Stlth   ..........              (no amulet)
HPRegen 0.32/turn               m - ring of Foaneoro {rPois AC+4}
MPRegen 0.13/turn               R - ring of poison resistance

@: no status effects
A: horns 2, retaliatory headbutt
a: Renounce Religion, Berserk, Trog's Hand, Brothers in Arms


You were on level 2 of the Snake Pit.
You worshipped Trog.
Trog was extremely pleased with you.
You visited 3 branches of the dungeon, and saw 18 of its levels.

You collected 1115 gold pieces.
You spent 130 gold pieces at shops.

Inventory:

Hand Weapons
 i - a +5 executioner's axe of flaming (weapon)
 y - a +1 battleaxe of venom
 z - a +4 mace of freezing
 A - a +4 morningstar
 K - a +8 vorpal broad axe
Missiles
 o - 3 throwing nets (quivered)
 L - 7 javelins
Armour
 l - a +0 plate armour (worn)
 t - a +1 pair of boots (worn)
 D - a +0 cloak (worn)
 I - a +0 pair of gloves of hurling (worn)
 P - a +1 hat (worn)
 V - a +0 pair of gloves
 X - a +1 kite shield of protection
Jewellery
 a - a ring of ice
 b - an amulet of magic regeneration
 m - the ring of Foaneoro (left hand) {rPois AC+4}
   (You acquired it on level 9 of the Dungeon)

   [ring of protection]

   AC:        It affects your AC (+4).
   rPois:     It protects you from poison.
 w - a ring of ice
 x - a ring of fire
 F - an amulet of faith
 H - a +4 ring of evasion
 Q - a ring of magical power
 R - a ring of poison resistance (right hand)
 T - a +4 ring of protection
 Z - a ring of protection from cold
Wands
 s - a wand of flame (33)
 u - a wand of polymorph (13)
 C - a wand of paralysis (10)
 E - a wand of iceblast (31)
 J - a wand of digging (4)
Scrolls
 c - 2 scrolls of immolation
 e - 7 scrolls of teleportation
 p - 7 scrolls of identify
 r - a scroll of blinking
 B - 4 scrolls of butterflies
 O - 2 scrolls of fear
 U - a scroll of magic mapping
 W - a scroll of silence
 Y - a scroll of enchant armour
Potions
 d - 4 potions of flight
 f - 3 potions of haste
 g - a potion of resistance
 h - 6 potions of curing
 k - 5 potions of degeneration
 n - 4 potions of lignification
 q - 4 potions of brilliance
 v - 2 potions of attraction
 G - 4 potions of mutation
 M - a potion of cancellation
 N - a potion of magic
 S - a potion of heal wounds
Miscellaneous
 j - a tin of tremorstones (2/2)


   Skills:
 * Level 14.2 Fighting
 - Level 24.0 Axes
 + Level 12.5 Armour
 - Level 2.3 Dodging
 + Level 0.3 Evocations


You had 13 spell levels left.
You didn't know any spells.
Your spell library was empty.

Dungeon Overview and Level Annotations

Branches:
Dungeon (11/15)            Temple (0/1) D:7            Lair (5/5) D:9
  Swamp (0/4) Lair:3        Snake (2/4) Lair:3        Slime (0/5) Lair:5
    Orc: D:9-12

Altars:
Ashenzari
Cheibriados
Dithmenos
Fedhas
Kikubaaqudgha
Makhleb
Nemelex Xobeh
Okawaru
Trog
Vehumet
Wu Jian
Xom
Zin
The Shining One
Jiyva

Shops:
D:4 (

Annotations:
D:11 Erolcha
Lair:5 3 runed translucent doors, Iusername's ghost, journeyman MiFi


Innate Abilities, Weirdness & Mutations

You have a pair of horns on your head.
You reflexively headbutt those who attack you in melee.


Message History

The naga warrior hits you from afar with a +0 glaive.
You slice the salamander mystic!!
You kill the salamander mystic!
Trog accepts your kill.
Trog appreciates your killing of a magic user.
The naga warrior spits poison at you. The splash of poison misses you.
You slice the salamander!!
You headbutt the salamander, but do no damage.
The salamander is moderately wounded.
The naga warrior hits you from afar with a +0 glaive!
You hit the salamander.
The salamander is heavily wounded.
The salamander hits you with a +3 vorpal glaive!!
* * * LOW HITPOINT WARNING * * *
You are engulfed in flames!
* * * LOW HITPOINT WARNING * * *
x2 The naga warrior hits you but does no damage.
You feel much better. The naga warrior closely misses you.
The naga warrior spits poison at you.
The splash of poison hits you but does no damage.
You resist.
Okay, then.
Aiming: Paralyse
Press: ? - help, Shift-Dir - straight line, f - naga warrior
Aim: a naga warrior, wielding a +0 glaive and wearing a +0 robe (fast, catching its breath, chance to affect: 8%)
The naga warrior resists with almost no effort.
The salamander hits you with a +3 vorpal glaive!!
* * * LOW HITPOINT WARNING * * *
You are engulfed in flames!
* * * LOW HITPOINT WARNING * * *
x2 The naga warrior hits you but does no damage.
You feel much better.
The naga warrior hits you but does no damage.
The salamander hits you with a +3 vorpal glaive!!
* * * LOW HITPOINT WARNING * * *
You are engulfed in flames!
* * * LOW HITPOINT WARNING * * *
x2 The naga warrior hits you from afar with a +0 glaive!
You die...

....#.#....##.
......#.####
...........##
##..........#
.##.........########
..#....#.#......#..#
..#....#.####......#
.....###..
#....##... ..####
....##...@# . .##
### ###.N)N...# ##
##.##...# ##. ...#
## ###


You could see a naga warrior (fast, catching breath) and a salamander (strong).

Vanquished Creatures
  Aizul (Snake:1)
  4 hydras
  A boulder beetle (Lair:4)
  2 anacondas
  3 catoblepae (Lair:5)
  A two-headed ogre (D:11)
  12 death yaks
  2 naga warriors
  A naga sharpshooter (Snake:1)
  3 shock serpents (Snake:1)
  Urug (D:10)
  2 salamander mystics
  A bog body (Lair:3)
  A naga ritualist (Snake:1)
  Pikel (D:6)
  A mana viper (Snake:1)
  2 salamanders
  A cyclops (D:11)
  2 manticores (Lair:5)
  Maurice (D:8)
  Joseph (D:7)
  An elephant (D:9)
  8 naga magi
  2 guardian serpents
  12 black mambas
  9 cane toads
  An unseen horror (D:11)
  A rime drake (Lair:4)
  2 kobold demonologists
  10 komodo dragons
  3 trolls
  2 polar bears
  18 blink frogs
  A water elemental (D:11)
  4 fire bats (Lair:5)
  49 yaks
  3 wyverns
  Grum (D:8)
  2 wraiths (D:11)
  2 steam dragons
  2 basilisks
  A swamp worm (Lair:3)
  12 nagas
  5 vampire mosquitoes (D:10)
  An acid dragon (D:9)
  7 water moccasins
  A sky beast (D:7)
  Pargi (D:3)
  4 black bears
  6 orc warriors
  3 ice beasts
  An ogre (D:5)
  5 centaurs
  5 wolves
  A lemure (D:6)
  A kobold brigand (D:8)
  Blork the orc (D:5)
  A gnoll sergeant (D:10)
  8 bullfrogs
  6 scorpions
  A necrophage (D:7)
  17 wights
  9 killer bees
  3 electric eels
  2 howler monkeys
  6 orc priests
  2 jellies (D:6)
  Crazy Yiuf (D:7)
  2 gnoll boudas
  3 iguanas
  11 orc wizards
  Robin (D:3)
  11 gnolls
  8 adders
  A shadow imp (D:5)
  4 white imps
  4 worms
  A dart slug (D:1)
  30 orcs
  5 bats
  5 endoplasms
  4 giant cockroaches
  19 goblins
  8 hobgoblins
  6 kobolds
  5 quokkas
  6 ball pythons
  3 frilled lizards
  8 rats
  A bush (Lair:5)
434 creatures vanquished.

Vanquished Creatures (collateral kills)
  A naga warrior (Snake:2)
  A black mamba (Snake:2)
2 creatures vanquished.

Vanquished Creatures (others)
  A killer bee (D:10)
  An orc (D:11)
  6 fungi
  17 plants
25 creatures vanquished.

Grand Total: 461 creatures vanquished

Notes
Turn   | Place    | Note
-------+----------+-------------------------------------------
     0 | D:1      | holycorn the Minotaur Berserker began the quest for the
                  | Orb.
     0 | D:1      | Reached XP level 1. HP: 19/19 MP: 0/0
   736 | D:1      | Reached skill level 4 in Axes
   736 | D:1      | Reached XP level 2. HP: 27/27 MP: 1/1
  1603 | D:2      | Reached XP level 3. HP: 33/33 MP: 2/2
  1892 | D:2      | Reached skill level 5 in Axes
  1933 | D:2      | Reached ** piety under Trog
  2175 | D:2      | Found a faded altar of an unknown god.
  2471 | D:3      | Reached XP level 4. HP: 37/41 MP: 3/3
  2556 | D:3      | Noticed Pargi
  2565 | D:3      | Killed Pargi
  2566 | D:3      | Reached skill level 6 in Axes
  2566 | D:3      | Reached XP level 5. HP: 43/47 MP: 4/4
  2678 | D:3      | Noticed Robin
  2692 | D:3      | Killed Robin
  2813 | D:3      | Reached skill level 5 in Fighting
  2813 | D:3      | Reached skill level 7 in Axes
  2815 | D:3      | Reached XP level 6. HP: 27/56 MP: 5/5
  3587 | D:4      | Reached skill level 8 in Axes
  3699 | D:4      | Found Yluklel's Antique Weapon Emporium.
  3737 | D:4      | Reached *** piety under Trog
  3738 | D:4      | Reached XP level 7. HP: 48/61 MP: 6/6
  4349 | D:4      | Bought a battleaxe for 130 gold pieces
  4402 | D:5      | Entered Level 5 of the Dungeon
  4402 | D:5      | Noticed a steam dragon
  4407 | D:5      | Killed a steam dragon
  4408 | D:5      | Reached skill level 9 in Axes
  4496 | D:5      | Reached skill level 10 in Axes
  4675 | D:5      | Reached XP level 8. HP: 64/70 MP: 7/7
  4745 | D:5      | Noticed Blork the orc
  4754 | D:5      | Killed Blork the orc
  4755 | D:5      | Reached skill level 11 in Axes
  4868 | D:5      | Found a radiant altar of Vehumet.
  4871 | D:5      | Found a sparkling altar of Nemelex Xobeh.
  5037 | D:5      | Reached skill level 12 in Axes
  5425 | D:5      | Found a glowing golden altar of the Shining One.
  5427 | D:5      | Found a glowing silver altar of Zin.
  5427 | D:5      | Found a shimmering altar of Xom.
  5427 | D:5      | Found an iron altar of Okawaru.
  5428 | D:5      | Found a bloodstained altar of Trog.
  5429 | D:5      | Found an ornate altar of the Wu Jian Council.
  5432 | D:5      | Found an ancient bone altar of Kikubaaqudgha.
  5433 | D:5      | Found a shadowy altar of Dithmenos.
  5434 | D:5      | Found a broken altar of Ashenzari.
  6022 | D:6      | Reached skill level 13 in Axes
  6145 | D:6      | Found a snail-covered altar of Cheibriados.
  6175 | D:6      | Reached **** piety under Trog
  6265 | D:6      | Reached XP level 9. HP: 71/78 MP: 8/8
  6468 | D:6      | Noticed Pikel
  6477 | D:6      | Killed Pikel
  6478 | D:6      | Reached skill level 14 in Axes
  6965 | D:7      | Found a staircase to the Ecumenical Temple.
  7004 | D:7      | Reached skill level 15 in Axes
  7306 | D:7      | Noticed Joseph
  7321 | D:7      | Killed Joseph
  7573 | D:7      | Found a runed translucent door.
  7574 | D:7      | Noticed Crazy Yiuf
  7616 | D:7      | Killed Crazy Yiuf
  7736 | D:8      | Noticed Grum
  7741 | D:8      | Reached XP level 10. HP: 73/88 MP: 9/9
  7750 | D:8      | Killed Grum
  8086 | D:8      | Noticed Maurice
  8093 | D:8      | Killed Maurice
  8094 | D:8      | Reached skill level 16 in Axes
  8909 | D:9      | Reached skill level 17 in Axes
  9062 | D:9      | Reached ***** piety under Trog
  9146 | D:9      | Found a staircase to the Lair.
  9146 | D:9      | Noticed an elephant
  9154 | D:9      | Killed an elephant
  9277 | D:9      | Identified a scroll of acquirement
  9277 | D:9      | Acquired the ring of Foaneoro {rPois AC+4}
  9707 | D:9      | Reached skill level 18 in Axes
  9938 | D:9      | Reached XP level 11. HP: 81/97 MP: 10/10
 10052 | D:10     | Entered Level 10 of the Dungeon
 10745 | D:10     | Noticed Urug
 10762 | D:10     | Killed Urug
 11408 | D:11     | Noticed a two-headed ogre
 11413 | D:11     | Killed a two-headed ogre
 11414 | D:11     | Reached skill level 19 in Axes
 11418 | D:11     | Reached skill level 10 in Fighting
 11530 | D:11     | Noticed Erolcha
 11798 | D:11     | Noticed a tengu warrior
 12095 | Lair:1   | Entered Level 1 of the Lair of Beasts
 12260 | Lair:1   | Reached skill level 20 in Axes
 12342 | Lair:1   | Noticed a four-headed hydra
 12351 | Lair:1   | Killed a nine-headed hydra
 12556 | Lair:1   | Received a gift from Trog
 12606 | Lair:1   | Reached XP level 12. HP: 81/110 MP: 11/11
 13530 | Lair:2   | Reached skill level 5 in Armour
 13781 | Lair:2   | Noticed a seven-headed hydra
 13790 | Lair:2   | Killed a 12-headed hydra
 14377 | Lair:3   | Found a staircase to the Snake Pit.
 14458 | Lair:3   | Found the +5 glaive of the Guard {elec, spectral, AC+5}
 15021 | Lair:3   | Noticed an eight-headed hydra
 15032 | Lair:3   | Killed a 15-headed hydra
 15344 | Lair:3   | Noticed a death yak
 15344 | Lair:3   | Noticed a death yak
 15344 | Lair:3   | Noticed a death yak
 15345 | Lair:3   | Noticed a death yak
 15354 | Lair:3   | Noticed a death yak
 15358 | Lair:3   | Killed a death yak
 15365 | Lair:3   | Killed a death yak
 15370 | Lair:3   | Killed a death yak
 15376 | Lair:3   | Killed a death yak
 15380 | Lair:3   | Killed a death yak
 15666 | Lair:3   | Found a staircase to the Swamp.
 16027 | Lair:4   | Received a gift from Trog
 16030 | Lair:4   | Reached XP level 13. HP: 122/124 MP: 12/12
 16391 | Lair:4   | Reached skill level 10 in Armour
 16705 | Lair:5   | Entered Level 5 of the Lair of Beasts
 16853 | Lair:5   | Found a runed translucent gate.
 16853 | Lair:5   | Found a runed translucent gate.
 16853 | Lair:5   | Found a runed translucent gate.
 16856 | Lair:5   | Noticed Iusername's ghost (journeyman MiFi)
 16951 | Lair:5   | Reached skill level 21 in Axes
 17605 | Lair:5   | Reached skill level 22 in Axes
 17805 | Lair:5   | Found a viscous altar of Jiyva.
 17805 | Lair:5   | Found a staircase to the Slime Pits.
 18018 | Lair:5   | Found a blossoming altar of Fedhas.
 18522 | Snake:1  | Entered Level 1 of the Snake Pit
 18552 | Snake:1  | Reached XP level 14. HP: 77/132 MP: 13/13
 18556 | Snake:1  | Reached skill level 23 in Axes
 18775 | Snake:1  | Noticed Aizul
 18782 | Snake:1  | Killed Aizul
 20761 | Snake:1  | Found a burning altar of Makhleb.
 20945 | Snake:2  | Reached skill level 24 in Axes
 21217 | Snake:2  | HP: 6/132 [salamander/+3 vorpal glaive (11)]
 21217 | Snake:2  | Mangled by a naga warrior

Illustrated notes

Levels and vault maps discovered:
D:1:      giann_horns, layout_basic, amcnicky_mini_rare_corridor_liquid,
          st_stairs_11
D:2:      layout_basic, basic_ecumenical_altar
D:3:      layout_basic, uniq_robin, uniq_pargi
D:4:      layout_loops_ring, serial_shops, shop
D:5:      nicolae_cairo_tiling_large_dashed, layout_basic, minitemple,
          uniq_blork_the_orc
D:6:      layout_gridville, cheibriados_altar_1, uniq_pikel
D:7:      layout_rooms, minmay_temple_entry_statues, uniq_joseph,
          uniq_crazy_yiuf_cottage
D:8:      layout_cave_pools, uniq_grum, uniq_maurice
D:9:      layout_basic, david_lair_generic
D:10:     layout_basic, uniq_urug
D:11:     layout_basic, serial_corexii_hall, corexii_hall_statues_l,
          corexii_hall_statues_i, corexii_hall_statues_i,
          chequers_hall_statues_wall_a, minmay_bent, uniq_erolcha
Lair:1:   layout_gridlike, grunt_megastairs_4
Lair:2:   layout_cave_pods
Lair:3:   layout_hall_layers, nicolae_swamp_entry_splash_gauntlet,
          guppyfry_snake_entry_island
Lair:4:   layout_hall_layers, st_stairs_8, chequers_serial_rivers_large_b
Lair:5:   evilmike_catoblepas_cave, layout_gridlike, slime_entry_1, basic_altar,
          gammafunk_ghost_split, amcnicky_mini_pool_medium
Snake:1:  layout_onion_interference, basic_altar, drop_trap, uniq_aizul
Snake:2:  layout_honeycomb

Skill      XL: |  1  2  3  4  5  6  7  8  9 10 11 12 13 14 |
---------------+-------------------------------------------+-----
Axes           | 4 5 6 7 8 10 13 15 18 20 22 24 | 24.0
Fighting       | 4 5 6 7 9 11 14 | 14.2
Armour         | 3 9 10 12 | 12.5
Dodging        | |  2.3
Evocations     | |  0.3

Action                   |  1- 3 |  4- 6 |  7- 9 | 10-12 | 13-15 || total
-------------------------+-------+-------+-------+-------+-------++-------
Melee: Hand axe          |    90 |    81 |    34 |       |       ||   205
       Headbutt          |     8 |    14 |    45 |    90 |    43 ||   200
       Battleaxe         |       |       |   177 |   276 |       ||   453
       Broad axe         |       |       |       |   159 |       ||   159
       Punch             |       |       |       |     1 |       ||     1
       Executioner's axe |       |       |       |       |   272 ||   272
Invok: Berserk           |     1 |     1 |     3 |     3 |     3 ||    11
       Trog's Hand       |       |       |       |       |     1 ||     1
       Brothers in Arms  |       |       |       |       |     1 ||     1
Evoke: Wand              |       |     1 |     2 |       |     1 ||     4
  Use: Scroll            |       |       |    13 |    13 |     6 ||    32
       Potion            |       |       |       |     3 |     3 ||     6
 Stab: Invisible         |       |       |       |     2 |       ||     2
Armor: Animal skin       |     6 |       |       |       |       ||     6
       Chain mail        |    22 |    61 |    82 |       |       ||   165
       Plate armour      |       |       |    36 |   211 |   150 ||   397
Dodge: Dodged            |    34 |    36 |    87 |   208 |   126 ||   491
